 Dungeon Crawl Stone Soup version 0.20.1-1-g8b1a95d (webtiles) character file.

15016 vineage the Severer (level 11, -11/101 HPs)
             Began as a Minotaur Fighter on Nov 2, 2017.
             Was a High Priest of Okawaru.
             Mangled by a stone giant (31 damage)
             ... on level 1 of the Orcish Mines.
             The game lasted 00:23:38 (11913 turns).

vineage the Severer (Minotaur Fighter)             Turns: 11913, Time: 00:23:39

Health: -11/101    AC: 19    Str: 28    XL:     11   Next: 96%
Magic:  10/10      EV:  9    Int:  7    God:    Okawaru [*****.]
Gold:   550        SH: 13    Dex: 10    Spells: 10/10 levels left

rFire    + . .     SeeInvis .   K - +2 war axe (venom)
rCold    . . .     Gourm    .   c - +1 shield
rNeg     . . .     Faith    .   m - +1 chain mail "Fumeuk" {rElec rF+}
rPois    .         Spirit   .   (helmet restricted)
rElec    +         Reflect  .   M - +0 cloak
rCorr    .         Harm     .   F - +2 pair of gloves {archery}
MR       +....                  J - +0 pair of boots
Stlth    ..........             n - amulet of rage
Regen    0.3/turn               g - ring of protection from magic
MPRegen  0.2/turn               Q - +1 ring of evasion

@: no status effects
A: retaliatory headbutt, horns 2, clever 1, strong 2, wild magic 1
a: Heroism, Finesse, Renounce Religion, Evoke Berserk Rage


You were on level 1 of the Orcish Mines.
You worshipped Okawaru.
Okawaru was extremely pleased with you.
You were hungry.

You visited 3 branches of the dungeon, and saw 13 of its levels.
You also visited: Sewer.

You collected 873 gold pieces.
You spent 323 gold pieces at shops.

Inventory:

Hand Weapons
 a - a +1 war axe
 y - the +0 trident "Guirujam" {pierce, rElec Int+4}
   (You found it on level 4 of the Dungeon)

   It inflicts extra damage upon your enemies.
   It affects your intelligence (+4).
   It insulates you from electricity.
 K - a +2 war axe of venom (weapon)
Armour
 b - a +0 scale mail
 c - a +1 shield (worn)
 m - the +1 chain mail "Fumeuk" (worn) {rElec rF+}
   (You bought it in a shop on level 1 of the Orcish Mines)

   It protects you from fire.
   It insulates you from electricity.
 F - a +2 pair of gloves of archery (worn)
 J - a +0 pair of boots (worn)
 M - a +0 cloak (worn)
Jewellery
 g - a ring of protection from magic (left hand)
 j - a cursed ring of protection from magic
 n - an amulet of rage (around neck)
 s - an uncursed ring of poison resistance
 C - an uncursed ring of protection from cold
 O - an uncursed ring of fire
 Q - a +1 ring of evasion (right hand)
Wands
 k - a wand of lightning (4/15)
 t - a wand of digging (22/24)
 x - a wand of disintegration (16/24)
 E - a wand of iceblast (2/15)
 H - a wand of disintegration (9/24)
 P - a wand of polymorph (20/24)
Scrolls
 l - 3 scrolls of magic mapping
 p - a scroll of amnesia
 v - 5 scrolls of recharging
 w - a scroll of vulnerability
 A - a scroll of fear
 I - a scroll of remove curse
 R - a scroll of summoning
 S - 4 scrolls of enchant weapon
 T - a scroll of blinking
Potions
 d - 2 potions of might
 e - a potion of ambrosia
 h - 3 potions of resistance
 o - 4 potions of brilliance
 r - a potion of invisibility
 z - 2 potions of curing
 B - 2 potions of magic
 D - 2 potions of agility
 G - 4 potions of flight
 N - 2 potions of mutation
Comestibles
 f - 17 bread rations
 i - 6 meat rations
 q - 8 fruits
 u - 2 royal jellies


   Skills:
 + Level 10.3 Fighting
 - Level 15.5 Axes
 + Level 10.2 Armour
 + Level 10.5 Shields


You had 10 spell levels left.
You didn't know any spells.

Dungeon Overview and Level Annotations

Branches:
Dungeon (9/15)               Lair (3/6) D:8           Snake (0/4) Lair:3
    Orc (1/2) D:9
 Temple: D:4-7        Swamp: Lair:2-4    Shoals: Lair:2-4

Altars:
Cheibriados
Gozag
Okawaru
Zin
The Shining One
Beogh

Shops:
Orc:1 *


Innate Abilities, Weirdness & Mutations

You reflexively headbutt those who attack you in melee.
You have a pair of horns on your head.
Your mind is acute. (Int +2)
Your muscles are very strong. (Str +4)
Your spells are a little harder to cast, but a little more powerful.


Message History

The stone giant throws a large rock.
The large rock completely misses you.
The stone giant throws a large rock.
The large rock hits you!!
The stone giant throws a large rock.
The large rock hits you!
You see here 2 large rocks.
The stone giant hits you!! You block the stone giant's attack.
You are too injured to fight recklessly!
You barely miss the stone giant.
You hit the stone giant but do no damage.
The stone giant is poisoned.
You headbutt the stone giant, but do no damage.
You block the stone giant's attack.
You slash the stone giant!
The stone giant looks as sick as possible!
Your headbutt misses the stone giant.
The stone giant is moderately wounded.
The stone giant hits you!!
* * * LOW HITPOINT WARNING * * *
You feel better. The stone giant hits you!!
You die...

##.. ### ##.#. #.#
######...#
###.###.##..#...
#...#...........
##......#.......
####..........#....
#(..(.#.......#....
#.#@.####.....###...
# #C...##......##...
#........#.......#
#####...####....<.#
##.##...#.###.......
#..........###....##
##.#........########
##.....#.....## ##..
#.....#.......# #...


You could see a stone giant.

Vanquished Creatures
  Harold (Lair:2)
  A hydra (Lair:2)
  A two-headed ogre (D:8)
  Urug (Lair:2)
  A black mamba (Lair:2)
  Joseph (D:7)
  2 spiny frogs
  A rime drake (Lair:1)
  2 komodo dragons
  The ghost of Ratty the Skirmisher, an amateur MiBe of Trog (D:4)
  5 blink frogs (Lair:1)
  2 hippogriffs (Lair:1)
  Grinder (D:3)
  A wyvern (Lair:2)
  3 basilisks
  9 yaks
  A hungry ghost (D:8)
  4 nagas (Lair:3)
  Duvessa (D:4)
  2 hell hounds (D:8)
  4 water moccasins
  8 porcupines
  2 orc warriors
  5 ice beasts
  5 phantoms
  4 wolves (Lair:3)
  5 ogres
  4 centaurs
  2 crocodiles (Lair:1)
  10 bullfrogs
  A gnoll sergeant (D:7)
  Dowan (D:4)
  4 killer bees (D:6)
  A scorpion (D:6)
  5 wights (D:7)
  An electric eel (Lair:1)
  A crimson imp (D:5)
  A bullfrog zombie (D:5)
  4 hounds
  An orc priest (D:8)
  Terence (D:3)
  2 iguanas
  6 orc wizards
  7 worker ants
  2 hound skeletons
  3 gnolls (D:7)
  A howler monkey skeleton (D:9)
  15 adders
  8 river rats (Sewer)
  3 shadow imps
  12 white imps (Lair:2)
  4 oozes
  An adder zombie (D:5)
  An adder skeleton (D:8)
  4 worms
  A dart slug (D:1)
  7 leopard geckos
  35 orcs
  8 giant cockroaches
  7 hobgoblins
  13 jackals
  A quokka (D:2)
  15 ball pythons
  4 bats
  7 frilled lizards
  11 goblins
  2 jackal zombies
  7 kobolds
  46 rats
  2 fungi
  A plant (Lair:2)
347 creatures vanquished.

Vanquished Creatures (others)
  A bush (Lair:3)
  5 fungi
  6 plants
12 creatures vanquished.

Grand Total: 359 creatures vanquished

Notes
Turn   | Place    | Note
-------+----------+-------------------------------------------
     0 | D:1      | vineage the Minotaur Fighter began the quest for the Orb.
     0 | D:1      | Reached XP level 1. HP: 19/19 MP: 0/0
    80 | D:1      | Reached skill level 3 in Axes
    81 | D:1      | Reached XP level 2. HP: 26/27 MP: 1/1
   218 | D:1      | Reached skill level 4 in Axes
   265 | D:1      | Reached XP level 3. HP: 33/33 MP: 2/2
   736 | D:2      | Found an opulent altar of Gozag.
   736 | D:2      | Found a glowing silver altar of Zin.
   738 | D:2      | Found a glowing golden altar of the Shining One.
   915 | D:2      | Gained mutation: You have a somewhat thin skeletal structure. (Dex +2, Stealth) [potion of mutation]
   915 | D:2      | Gained mutation: Your mind is acute. (Int +2) [potion of mutation]
   916 | D:2      | Lost mutation: Your mind is acute. (Int +2) [potion of mutation]
   916 | D:2      | Lost mutation: You have a somewhat thin skeletal structure. (Dex +2, Stealth) [potion of mutation]
   916 | D:2      | Gained mutation: Your muscles are strong. (Str +2) [potion of mutation]
   916 | D:2      | Gained mutation: Your muscles are very strong. (Str +4) [potion of mutation]
   916 | D:2      | Gained mutation: Your mind is acute. (Int +2) [potion of mutation]
   916 | D:2      | Gained mutation: Your spells are a little harder to cast, but a little more powerful. [potion of mutation]
  1057 | D:2      | Reached skill level 5 in Axes
  1175 | D:2      | Reached XP level 4. HP: 40/40 MP: 3/3
  1330 | D:3      | Noticed Terence
  1336 | D:3      | Killed Terence
  1691 | D:3      | Reached skill level 6 in Axes
  1957 | D:3      | Noticed Grinder
  1979 | D:3      | Killed Grinder
  1979 | D:3      | Reached skill level 7 in Axes
  1979 | D:3      | Reached XP level 5. HP: 31/46 MP: 4/4
  1979 | D:3      | Reached XP level 6. HP: 35/52 MP: 5/5
  2024 | D:3      | Reached skill level 8 in Axes
  2341 | D:4      | Noticed Duvessa
  2356 | D:4      | Killed Duvessa
  2356 | D:4      | Reached skill level 9 in Axes
  2356 | D:4      | Reached XP level 7. HP: 53/58 MP: 6/6
  2358 | D:4      | Noticed Dowan
  2370 | D:4      | Killed Dowan
  2375 | D:4      | Got a slimy trident
  2377 | D:4      | Identified the cursed +0 trident "Guirujam" {pierce, rElec Int+4} (You found it on level 4 of the Dungeon)
  2485 | D:4      | Noticed Ratty's ghost (amateur MiBe)
  2512 | D:4      | HP: 2/58 [Ratty's ghost (10)]
  2517 | D:4      | Killed Ratty's ghost
  2517 | D:4      | Reached skill level 10 in Axes
  2652 | D:4      | Reached skill level 11 in Axes
  2750 | D:4      | Reached XP level 8. HP: 66/66 MP: 7/7
  3019 | D:5      | Entered Level 5 of the Dungeon
  3079 | D:5      | Found a glowing drain.
  3087 | Sewer    | Entered a sewer
  3286 | Sewer    | Reached skill level 12 in Axes
  3829 | D:5      | Reached skill level 13 in Axes
  4492 | D:6      | Reached XP level 9. HP: 46/71 MP: 8/8
  4667 | D:6      | Reached skill level 14 in Axes
  5423 | D:6      | Found an iron altar of Okawaru.
  5431 | D:6      | Became a worshipper of Warmaster Okawaru
  5534 | D:7      | Reached skill level 15 in Axes
  5819 | D:7      | Reached * piety under Okawaru
  5963 | D:7      | Noticed a komodo dragon
  6222 | D:7      | Noticed Joseph
  6235 | D:7      | Killed Joseph
  6235 | D:7      | Reached skill level 5 in Shields
  6235 | D:7      | Reached XP level 10. HP: 48/80 MP: 9/9
  6256 | D:8      | Found a staircase to the Lair.
  6367 | D:8      | Reached ** piety under Okawaru
  6380 | D:8      | Reached skill level 5 in Fighting
  6795 | D:8      | Reached skill level 5 in Armour
  6974 | D:8      | Noticed a two-headed ogre
  6979 | D:8      | Killed a two-headed ogre
  7259 | D:8      | Found a roughly hewn altar of Beogh.
  7491 | D:9      | Found a snail-covered altar of Cheibriados.
  7786 | D:9      | Found a staircase to the Orcish Mines.
  8006 | Lair:1   | Entered Level 1 of the Lair of Beasts
  8053 | Lair:1   | Reached *** piety under Okawaru
  8490 | Lair:1   | Reached **** piety under Okawaru
  8490 | Lair:1   | Reached XP level 11. HP: 94/94 MP: 10/10
  9145 | Lair:2   | Noticed Harold
  9176 | Lair:2   | Killed Harold
  9319 | Lair:2   | Noticed a seven-headed hydra
  9624 | Lair:2   | Noticed Urug
  9637 | Lair:2   | Killed Urug
  9764 | Lair:2   | Found a frozen archway.
 10325 | Lair:2   | Noticed a five-headed hydra
 10334 | Lair:2   | Killed an eight-headed hydra
 10562 | Lair:3   | Reached ***** piety under Okawaru
 10686 | Lair:3   | Found a staircase to the Snake Pit.
 10703 | Lair:3   | Noticed a four-headed hydra
 11151 | Lair:3   | Reached skill level 10 in Shields
 11159 | Lair:3   | Reached skill level 10 in Fighting
 11245 | Lair:3   | Noticed a six-headed hydra
 11323 | Lair:2   | Reached skill level 10 in Armour
 11329 | Lair:2   | Noticed an eight-headed hydra
 11340 | Lair:2   | Noticed a death yak
 11341 | Lair:2   | Noticed a death yak
 11343 | Lair:2   | Noticed a death yak
 11374 | Lair:1   | Noticed a five-headed hydra
 11738 | Orc:1    | Entered Level 1 of the Orcish Mines
 11738 | Orc:1    | Found Yseur's Assorted Antiques.
 11846 | Orc:1    | Bought a faintly glowing chain mail for 323 gold pieces
 11856 | Orc:1    | Identified the cursed +1 chain mail "Fumeuk" {rElec rF+} (You bought it in a shop on level 1 of the Orcish Mines)
 11897 | Orc:1    | Noticed a stone giant
 11913 | Orc:1    | Mangled by a stone giant

Skill      XL: |  1  2  3  4  5  6  7  8  9 10 11 |
---------------+----------------------------------+-----
Axes           | 3 4 5 7 9 11 13 15 | 15.5
Fighting       | 4 7 10 | 10.3
Shields        | 5 8 10 | 10.5
Armour         | 4 7 10 | 10.2

Action                   |  1- 3 |  4- 6 |  7- 9 | 10-12 || total
-------------------------+-------+-------+-------+-------++-------
Melee: War axe           |   125 |    94 |   383 |   367 ||   969
       Headbutt          |    14 |     9 |    62 |    67 ||   152
Invok: Heroism           |       |       |       |     6 ||     6
  Use: Scroll            |     4 |       |    14 |    12 ||    30
       Potion            |     2 |       |     9 |     7 ||    18
  Eat: Chunk             |     1 |     3 |    10 |     7 ||    21
       Royal jelly       |       |       |     1 |     2 ||     3
       Fruit             |       |       |     1 |     5 ||     6
       Bread ration      |       |       |       |     1 ||     1
Armor: Scale mail        |    43 |    25 |   126 |   116 ||   310
Dodge: Dodged            |    39 |    26 |    90 |   101 ||   256
Block: Shield            |    58 |    39 |   203 |   210 ||   510
